 Dungeon Crawl Stone Soup version 0.17-a0-491-gbd49765 (webtiles) character file.

126 frag the Skirmisher (level 4, -18/39 HPs)
             Began as a Centaur Fighter on Apr 10, 2015.
             Demolished by an ogre
             ... wielding a +0 giant spiked club
              (23 damage)
             ... on level 4 of the Dungeon.
             The game lasted 00:17:40 (3076 turns).

frag the Skirmisher (Centaur Fighter)               Turns: 3076, Time: 00:17:41

Health: -18/39     AC:  6    Str: 19    XL:     4   Next: 83%
Magic:  4/4        EV:  5    Int:  7    God:
Gold:   117        SH:  9    Dex:  9    Spells: 0 memorised, 3 levels left

rFire  . . .     SeeInvis .     a - +0 long sword
rCold  . . .     Clarity  .     b - +0 scale mail
rNeg   . . .     SustAb   .     c - +1 shield
rPois  .         Gourm    .     (no helmet)
rElec  .         Spirit   .     (no cloak)
rCorr  .         Warding  .     (no gloves)
rMut   .         Stasis   .     (no barding)
MR     .....                    (no amulet)
Stlth  ..........               (no ring)
                                (no ring)

@: very quick, not resistant to hostile enchantments, extremely unstealthy
A: hooves 3, deformed body, speed 2, tough skin 3
a: no special abilities


You were on level 4 of the Dungeon.
You were not hungry.

You visited 1 branch of the dungeon, and saw 4 of its levels.
You also visited: Ossuary.

You collected 117 gold pieces.

Inventory:

Hand weapons
 a - a +0 long sword (weapon)
 j - a +1 whip of flaming
Armour
 b - a +0 scale mail (worn)
 c - a +1 shield (worn)
Scrolls
 f - a scroll of immolation
Potions
 e - 2 potions of might
 g - 2 potions of heal wounds
 h - a potion of mutation {unknown}
Comestibles
 d - 2 bread rations


   Skills:
 + Level 3.6 Fighting
 + Level 2.4 Long Blades
 + Level 2.8 Armour
 + Level 1.0 Dodging
 + Level 2.8 Shields


You had 3 spell levels left.
You didn't know any spells.

Dungeon Overview and Level Annotations

Branches:
Dungeon (4/15)
 Temple: D:4-7

Altars:
Ashenzari
The Shining One


Innate Abilities, Weirdness & Mutations

You have hooves in place of feet.
Armour fits poorly on your strangely shaped body.
You cover ground very quickly.
You have extremely tough skin (AC +3).


Message History

You closely miss the orc.
The orc is almost dead.
You block the orc's attack.
You hit the orc.
You kill the orc!
You see here an orc corpse.
An ogre comes into view. It is wielding a giant spiked club.
You completely miss the ogre. You block the ogre's attack.
You hit the ogre. Your kick misses the ogre.
The ogre is lightly wounded.
The ogre hits you with a giant spiked club!
You hit the ogre.
The ogre is lightly wounded.
The ogre hits you with a giant spiked club!
* * * LOW HITPOINT WARNING * * *
You slash the ogre!
The ogre is heavily wounded.
The ogre hits you with a giant spiked club!!
Ouch! That really hurt!
You die...

#......#..###..#
#.##........ #.....##...#
#.##........ ####.......#
#.#......... ##......#
##........... #......#
###...........#
##......####............##
##.......##..........#...#
#..####.........#.#######.#
#.### ###O@....##.# #. ##
##....##.## #...###. #..##
## ####


You could see an ogre.

Vanquished Creatures
  3 adders
  3 worms (D:2)
  2 adder zombies (Ossuary)
  A giant gecko (D:1)
  6 orcs
  7 bats
  4 giant cockroaches
  A gnoll zombie (Ossuary)
  8 hobgoblins
  3 jackals (D:1)
  4 giant newts
  8 goblins
  A goblin zombie (Ossuary)
  2 hobgoblin zombies (Ossuary)
  5 kobolds
  9 rats
  A rat zombie (Ossuary)
68 creatures vanquished.

Notes
Turn   | Place    | Note
--------------------------------------------------------------
     0 | D:1      | frag, the Centaur Fighter, began the quest for the Orb.
     0 | D:1      | Reached XP level 1. HP: 19/19 MP: 1/1
   200 | D:1      | Reached XP level 2. HP: 24/26 MP: 2/2
   516 | D:1      | Reached XP level 3. HP: 22/31 MP: 3/3
   822 | D:2      | Found a shattered altar of Ashenzari.
  1066 | D:2      | Reached skill level 1 in Dodging
  1066 | D:2      | Reached XP level 4. HP: 12/38 MP: 4/4
  2176 | D:3      | Found a glowing golden altar of the Shining One.
  2811 | D:4      | Found a sand-covered staircase.
  2822 | Ossuary  | Entered an ossuary
  3053 | D:4      | Noticed an ogre
  3076 | D:4      | Demolished by an ogre

Action                   |  1- 3 |  4- 6 || total
-------------------------+-------+-------++-------
Melee: Long sword        |   119 |   119 ||   238
  Use: Scroll            |     2 |     4 ||     6
       Potion            |     1 |     2 ||     3
  Eat: Bread ration      |       |     1 ||     1
